 Dungeon Crawl Stone Soup version 0.26.1-11-gd32895ea62 (webtiles) character file.

Game seed: 11276683473072669180

14 woolyfrog the Shield-Bearer (level 2, -9/26 HPs)
             Began as a Minotaur Fighter on May 3, 2021.
             Killed by an exploding a leopard gecko (26 damage)
             ... exploding inner flame
             ... on level 1 of the Dungeon.
             The game lasted 00:01:08 (250 turns).

woolyfrog the Shield-Bearer (Minotaur Fighter)       Turns: 250, Time: 00:01:09

Health: -9/26      AC:  6    Str: 20    XL:     2   Next: 27%
Magic:  1/1        EV:  9    Int:  5    God:
Gold:   0          SH:  0    Dex:  9    Spells: 1/1 levels left

rFire    . . .     SeeInvis .   a - +0 flail
rCold    . . .     Faith    .   (no shield)
rNeg     . . .     Spirit   .   b - +0 scale mail
rPois    .         Reflect  .   (helmet restricted)
rElec    .         Harm     .   (no cloak)
rCorr    .         Rampage  .   (no gloves)
Will     .....                  (no boots)
Stlth    ..........             (no amulet)
HPRegen  0.08/turn              (no ring)
MPRegen  0.07/turn              (no ring)

@: no status effects
A: retaliatory headbutt, horns 2
a: no special abilities


You were on level 1 of the Dungeon.
You visited 1 branch of the dungeon, and saw 1 of its levels.

Inventory:

Hand Weapons
 a - a +0 flail (weapon)
Armour
 b - a +0 scale mail (worn)
 c - a +0 kite shield
Potions
 d - a potion of might
 e - a potion of invisibility {unknown}


   Skills:
 - Level 3.6 Fighting
 + Level 3.6 Maces & Flails
 - Level 3.6 Armour
 - Level 3.6 Shields


You had one spell level left.
You didn't know any spells.
Your spell library was empty.

Dungeon Overview and Level Annotations

Branches:
Dungeon (1/15)

Altars:


Innate Abilities, Weirdness & Mutations

You reflexively headbutt those who attack you in melee.
You have a pair of horns on your head.


Message History

As you read the scroll labelled ARYR XUOTHAXU, it crumbles to dust.
The creatures around you are filled with an inner flame!
It was a scroll of immolation.
The leopard gecko bites you but does no damage.
You miss the leopard gecko. Your headbutt misses the leopard gecko.
The leopard gecko bites you but does no damage.
The leopard gecko barely misses you.
You barely miss the leopard gecko.
The leopard gecko bites you but does no damage.
You closely miss the leopard gecko. Your headbutt misses the leopard gecko.
The leopard gecko bites you. The leopard gecko barely misses you.
You miss the leopard gecko. The leopard gecko bites you.
You barely miss the leopard gecko. The leopard gecko bites you. x2
You barely miss the leopard gecko. Your headbutt misses the leopard gecko.
The leopard gecko bites you but does no damage.
You thump the leopard gecko!
The leopard gecko explodes!
The fiery explosion engulfs you!!
Ouch! That really hurt!
You die...

..# #.# *.########*,********,****
### #.# *..#.....#*,,,,,,,,,,,,,,
###†# *#........,,,,,****,,*,**
###...# #.#......**####***,,,,*
....######....###.,#....,,,,****
≈≈...##.................,,,**
≈##.....##..######...##*****
*#.##..###.###..§†....#**
#.##≈≈.##..###.#@§§.#,,,*
.##≈≈§..#..#....§##.#**,*********
##§§≈§§.#...†))###*,***,,,,,,,,,,
≈≈≈≈≈§≈.#..#.>## *,,**********,,
≈≈≈≈≈≈§......## **,,**,,,,* *,,
≈≈≈≈≈≈≈§#.#.## **,,*,,,,* *,,
****≈≈§.###.# **,*,,,,* ***
,,,*≈≈§,,,..# *,,,,,,*
,,**≈≈.,,.### ***,,,,*


There were no monsters in sight!

Vanquished Creatures
  A dart slug (D:1)
  A leopard gecko (D:1)
  2 bats (D:1)
  2 giant cockroaches (D:1)
  A hobgoblin (D:1)
  3 frilled lizards (D:1)
  A goblin (D:1)
  2 kobolds (D:1)
13 creatures vanquished.

Notes
Turn   | Place    | Note
-------+----------+-------------------------------------------
     0 | D:1      | woolyfrog the Minotaur Fighter began the quest for the Orb.
     0 | D:1      | Reached XP level 1. HP: 19/19 MP: 0/0
   125 | D:1      | Reached XP level 2. HP: 22/26 MP: 1/1
   250 | D:1      | Killed by an exploding a leopard gecko... exploding inner
                  | flame

Illustrated notes

Levels and vault maps discovered:
D:1:      minmay_arrival_four_loops, layout_rooms, grunt_decor_junction

Skill      XL: |  1 |
---------------+----+-----
Maces & Flails | 3 |  3.6
Fighting       | |  3.6
Armour         | |  3.6
Shields        | |  3.6

Action                   || total
-------------------------++-------
Melee: Flail             ||    33
       Headbutt          ||     3
  Use: Scroll            ||     3
Armor: Scale mail        ||    19
Dodge: Dodged            ||    14
